 Dungeon Sprint DCSS version 0.30-a0-50-gb2d611f6b1 (webtiles) character file.

Game seed: 2566345650872791860

0 MrFrogsmire the Trooper (level 2, 0/20 HPs)
             Began as a Gargoyle Berserker on Sept 4, 2022.
             Was a Believer of Trog.
             Slain by Pargi (3 damage)
             ... in the Dungeon (Sprint VI: "Thunderdome").
             The game lasted 00:01:42 (169 turns).

MrFrogsmire the Trooper (Gargoyle Berserker)         Turns: 169, Time: 00:01:43

Health: 0/20       AC:  5    Str: 20    XL:     2   Next: 33%
Magic:  2/2        EV: 12    Int:  7    God:    Trog [**....]
Gold:   200        SH:  0    Dex:  9    Spells: 1/1 levels left

rFire   . . .      SeeInvis .    a - +0 mace
rCold   . . .      Faith    .    (no shield)
rNeg    + . .      Spirit   .    b - +0 animal skin
rPois   ∞          Reflect  .    (no helmet)
rElec   +          Harm     .    (no cloak)
rCorr   .          Rampage  .    (no gloves)
Will    .....      NoTele   +    (no boots)
Stlth   +.........               (no amulet)
HPRegen 0.06/turn                (no ring)
MPRegen 0.08/turn                (no ring)

@: no status effects
A: sickness immunity, AC +2, negative energy resistance 1, electricity
resistance, torment resistance 1, petrification resistance
a: Renounce Religion, Berserk, Trog's Hand


You were in the Dungeon.
You worshipped Trog.
Trog was pleased with you.
You visited 1 branch You collected 200 gold pieces.

Inventory:

Hand Weapons
 a - a +0 mace (weapon)
Armour
 b - a +0 animal skin (worn)
Wands
 i - a wand of iceblast (5)
 j - a wand of quicksilver (4) (quivered)
Scrolls
 h - 4 scrolls of blinking
 k - 3 scrolls of butterflies
Potions
 c - a potion of curing
 d - 4 potions of heal wounds
 e - 4 potions of haste
 f - 2 potions of magic
 g - a potion of berserk rage
 l - a potion of resistance


   Skills:
 + Level 4.5 Fighting
 + Level 4.1 Maces & Flails
 + Level 2.6 Armour
 + Level 2.0 Dodging


You had one spell level left.
You didn't know any spells.
Your spell library was empty.

Dungeon Overview and Level Annotations

Branches:
Dungeon (1/1)

Altars:
Cheibriados
Gozag
Makhleb
Sif Muna
Wu Jian
Xom
Zin
The Shining One

Shops:
D *[??:(

Annotations:
D Pargi


Innate Abilities, Weirdness & Mutations

You are immune to sickness and miasma.
Your stone body is resilient. (AC +2)
You are immune to poison.
You resist negative energy. (rN+)
You are resistant to electric shocks. (rElec)
You are resistant to unholy torment.
You are immune to petrification.


Message History

The quokka closely misses you.
There is a spawn point here.
You are too injured to fight recklessly!
You are too injured to fight recklessly!
You hit the quokka.
The quokka is lightly wounded.
The quokka closely misses you.
The quokka bites you but does no damage.
You hit the quokka.
The quokka is severely wounded.
The quokka bites you.
* * * LOW HITPOINT WARNING * * *
You closely miss the quokka.
The quokka is severely wounded.
The quokka bites you.
* * * LOW HITPOINT WARNING * * *
The quokka closely misses you.
You thump the quokka!
You kill the quokka!
Trog accepts your kill.
You can now call upon Trog for regeneration and willpower.
Your Dodging skill increases to level 2!
You thump the rat!
You kill the rat!
Trog accepts your kill.
You see here a quokka corpse.
There is a spawn point here.
There is a spawn point here.
There is a spawn point here.
Pargi the Meek comes into view.
There is a spawn point here.
Pargi shouts!
There is a spawn point here.
You are too injured to fight recklessly! 20...
There is a spawn point here.
You see here a quokka corpse.
There is a spawn point here.
Pargi bites you.
You die...

##.....## ##∩.....∩##
#∩.......∩# #_......._#
#_......._# #_........#
###.........###
#⌠T..........⌠#
######@8.........8.####
#..__..†...###.......__
#∩........8.# #.8.......
............###.........
.........###...###......
.........# #.<.# ......
.........# #...# ......
............###.. .....
#∩........8. .8.......


You could see Pargi.

Vanquished Creatures
  A river rat (D)
  2 quokkas (D)
  A rat (D)
4 creatures vanquished.

Notes
Turn   | Place    | Note
-------+----------+-------------------------------------------
     0 | D        | MrFrogsmire the Gargoyle Berserker began the quest for the
                  | Orb.
     0 | D        | Reached XP level 1. HP: 14/14 MP: 1/1
     2 | D        | Found a burning altar of Makhleb.
     3 | D        | Found a glowing silver altar of Zin.
     3 | D        | Found an ornate altar of the Wu Jian Council.
     4 | D        | Found an opulent altar of Gozag.
     4 | D        | Found a shimmering altar of Xom.
     4 | D        | Found a snail-covered altar of Cheibriados.
     4 | D        | Found Omahih Deev's Staff Store.
     4 | D        | Found Veirroh's Magic Scroll Shop.
     5 | D        | Found Ruihom's Must-Have Magic.
     5 | D        | Found Figoc's Magic Scroll Shop.
     5 | D        | Round 1.
    22 | D        | Found a shimmering blue altar of Sif Muna.
    24 | D        | Found a glowing golden altar of the Shining One.
    24 | D        | Found Ceweffuu's Jewellery.
    33 | D        | Reached XP level 2. HP: 4/20 MP: 2/2
    33 | D        | Found Wizy's Advanced Armour.
   153 | D        | Reached ** piety under Trog
   161 | D        | Noticed Pargi
   169 | D        | Slain by Pargi

Illustrated notes

Levels and vault maps discovered:
D:        arena_sprint

Skill      XL: |  1  2 |
---------------+-------+-----
Fighting       | 4 |  4.5
Maces & Flails | 4 |  4.1
Dodging        | 2 |  2.0
Armour         | |  2.6

Action                   || total
-------------------------++-------
Melee: Mace              ||    13
Evoke: Wand              ||     1
Armor: Animal skin       ||     1
Dodge: Dodged            ||    12

Table legend: (Time is in decaauts)
 A = Elapsed time spent in this place.
 B = Non-inter-level travel time spent in this place.
 C = Inter-level travel time spent in this place.
 D = Time resting spent in this place.
 E = Time spent auto-exploring this place.
 F = Levels seen in this place.
 G = Mean time per level.
                   A        B        C        D        E       F      G
               +--------+--------+--------+--------+--------+-----+--------+
         Total |    171 |    156 |     15 |      0 |      0 |   1 |  171.0 |
       Dungeon |    171 |    156 |     15 |      0 |      0 |   1 |  171.0 |
               +--------+--------+--------+--------+--------+-----+--------+

Top non-repeatable levels by time:
       D: 171 daAuts
